 Dungeon Crawl Stone Soup version 0.14.0-6-g1bc2dff (webtiles) character file.

1026 Ragg the Shield-Bearer (level 8, -3/51 HPs)
             Began as a Gargoyle Fighter on Apr 12, 2014.
             Was an Initiate of Okawaru.
             Killed by divine providence
             ... invoked by an orc priest
              (13 damage)
             ... on Level 5 of the Dungeon.
             The game lasted 00:13:40 (5380 turns).

Ragg the Shield-Bearer (Gargoyle Fighter)           Turns: 5380, Time: 00:13:40

HP  -3/51        AC 16     Str 21      XL: 8   Next:  0%
MP   8/8         EV  8     Int 10      God: Okawaru [......]
Gold 186         SH 20     Dex  9      Spells:  0 memorised,  7 levels left

rFire  + + .     SeeInvis .     a - +0 flail
rCold  . . .     Clarity  .     v - +3 ring mail {rF+}
rNeg   + + .     Conserve .     c - +0 shield
rPois  +         rCorr    .     (no helmet)
rElec  +         rRot     +     (no cloak)
SustAb . .       Spirit   .     u - +0 pair of gloves
rMut   .         Warding  .     i - +0 pair of boots
Saprov . . .     Stasis   .     (no amulet)
MR     .....                    D - ring of positive energy {unknown}
                                C - ring of protection from fire {unknown}

@: not resistant to hostile enchantments, extremely unstealthy
A: life protection 1, electricity resistance, unbreathing, petrification
resistance, AC +5
a: Renounce Religion


You were on level 5 of the Dungeon.
You worshipped Okawaru.
Okawaru was noncommittal.
You were not hungry.

You visited 2 branches of the dungeon, and saw 6 of its levels.

You collected 186 gold pieces.

Inventory:

Hand weapons
 a - a +0,+0 flail (weapon)
Missiles
 p - 151 stones (quivered)
Armour
 c - a +0 shield (worn)
 i - a +0 pair of boots (worn)
 u - a +0 pair of gloves (worn)
 v - a +3 ring mail of fire resistance (worn)
Magical devices
 x - a wand of polymorph (0)
Comestibles
 d - 5 bread rations
 g - 3 meat rations
 E - a chunk of gnoll flesh
Scrolls
 b - 4 scrolls of identify
 f - a scroll of fear {unknown}
 j - a scroll of random uselessness {unknown}
 l - a scroll of immolation {unknown}
 o - 3 scrolls of remove curse
 r - a scroll of enchant weapon II {unknown}
 s - a scroll of recharging {unknown}
 t - a scroll of amnesia {unknown}
 w - a scroll of noise {unknown}
 y - 3 scrolls of magic mapping {unknown}
 A - a scroll of enchant weapon I {unknown}
Jewellery
 e - an uncursed ring of invisibility
 C - a ring of protection from fire (left hand) {unknown}
 D - a ring of positive energy (right hand) {unknown}
Potions
 h - 2 potions of agility {unknown}
 k - a potion of heal wounds {unknown}
 m - a potion of confusion {unknown}
 n - a potion of brilliance {unknown}
 q - a potion of restore abilities {unknown}
 B - 3 potions of curing {unknown}
Rods
 z - a -2 rod of clouds (14/14)
   (You found it on level 5 of the Dungeon)


   Skills:
 + Level 5.7 Fighting
 + Level 5.3 Maces & Flails
 + Level 5.5 Armour
 + Level 5.7 Shields


You had 7 spell levels left.
You didn't know any spells.

Dungeon Overview and Level Annotations

Branches:
Dungeon (5/15)             Temple (1/1) D:5

Altars:
Cheibriados
Dithmenos
Elyvilon
Fedhas
Kikubaaqudgha
Makhleb
Nemelex Xobeh
Okawaru
Trog
Vehumet
Yredelemnul
Zin
The Shining One


Innate Abilities, Weirdness & Mutations

You are resistant to torment.
You are immune to poison.
You are immune to rotting.
Your stone body is very resilient (AC +5).
You resist negative energy.
You are resistant to electric shocks.
You can survive without breathing.
You are immune to petrification.


Message History

The orc wizard gestures at you while chanting.
The magic dart hits you!
The crimson imp sputters.
The crimson imp blinks!
The orc priest calls down the wrath of Beogh upon you.
Something smites you!
The crimson imp blinks!
You closely miss the orc wizard. You block the orc wizard's attack.
The orc priest calls down the wrath of Beogh upon you.
Something smites you!
* * * LOW HITPOINT WARNING * * *
You barely miss the orc wizard.
The orc wizard suddenly grunts, as Orcs often do.
The orc wizard hits you but does no damage.
You sock the orc wizard!
The orc wizard is severely wounded.
The orc wizard hits you but does no damage.
The orc priest invokes the aid of Beogh against you.
Something smites you!
You die...

#.#.###. ###### #.#.#<#.# #..$..
#.#.#.#.# #..... #.#.#.#.# #.....
#.#.#.#.# #..... ##.#.#.#.#
#.5o.. ...#.#.#.# #######.#.##
...#...#.#############.......#.##
................@ooo.............
.......#.#############......##..#
..####.#.# #.............#.# ...
..# #.#.# #.............#.# #.#
..# #.#.# #.............#.# .#
..# #.#.####.............#.# #
..# #.#.##.'.............#.. ..#
#.#.##.#.............##. ..#
#.#.##.#<............#


You could see an orc priest, an orc wizard and an orc.

Vanquished Creatures
  A sky beast (D:5)
  An orc warrior (D:4)
  The ghost of Ragg the Digger, an average TrEE (D:3)
  A scorpion (D:5)
  A hound (D:4)
  An orc priest (D:4)
  2 iguanas (D:4)
  3 orc wizards (D:4)
  2 worker ants
  Ijyb (D:3)
  4 adders
  8 gnolls
  2 giant mites
  2 worms
  6 giant geckos
  12 orcs
  2 ball pythons
  11 bats
  4 giant cockroaches
  9 goblins
  7 hobgoblins
  11 kobolds
  6 giant newts
  12 rats
110 creatures vanquished.

Notes
Turn   | Place    | Note
--------------------------------------------------------------
     0 | D:1      | Ragg, the Gargoyle Fighter, began the quest for the Orb.
     0 | D:1      | Reached XP level 1. HP: 14/14 MP: 1/1
   136 | D:1      | Reached XP level 2. HP: 19/19 MP: 2/2
   539 | D:1      | Reached XP level 3. HP: 7/23 MP: 3/3
  1357 | D:2      | Reached skill level 4 in Armour
  1357 | D:2      | Reached XP level 4. HP: 23/28 MP: 4/4
  1710 | D:3      | Noticed Ragg's ghost (average TrEE)
  1969 | D:3      | Noticed Ijyb
  1982 | D:3      | Killed Ijyb
  2143 | D:3      | Found a glowing silver altar of Zin.
  2317 | D:3      | Reached XP level 5. HP: 31/33 MP: 5/5
  3066 | D:4      | Noticed an orc warrior
  3096 | D:4      | Killed an orc warrior
  3096 | D:4      | Reached XP level 6. HP: 10/39 MP: 6/6
  3267 | D:4      | Reached skill level 5 in Shields
  3598 | D:3      | Killed Ragg's ghost
  3927 | D:4      | Reached skill level 5 in Fighting
  3927 | D:4      | Reached skill level 5 in Armour
  3927 | D:4      | Reached XP level 7. HP: 29/44 MP: 7/7
  4810 | D:5      | Entered Level 5 of the Dungeon
  4877 | D:5      | Reached skill level 5 in Maces & Flails
  4961 | D:5      | Found a basalt altar of Yredelemnul.
  5117 | D:5      | Found a staircase to the Ecumenical Temple.
  5126 | Temple   | Entered the Ecumenical Temple
  5218 | Temple   | Became a worshipper of Warmaster Okawaru
  5345 | D:5      | Reached XP level 8. HP: 43/51 MP: 8/8
  5380 | D:5      | Killed from afar by an orc priest

Action                   |  1- 3 |  4- 6 |  7- 9 || total
-------------------------+-------+-------+-------++-------
Melee: Flail             |   152 |   238 |   148 ||   538
  Use: Scroll            |     2 |       |       ||     2
       Potion            |       |     1 |       ||     1
